 Dungeon Crawl Stone Soup version 0.26.0-3-g156281e41b (webtiles) character file.

Game seed: 11823185710891286386

1723 trckry the Chiller (level 8, -1/60 HPs)
             Began as a Mummy Ice Elementalist on Jan 9, 2021.
             Was an Initiate of Ashenzari.
             Slain by Harold
             ... wielding a +0 flail
              (13 damage)
             ... on level 7 of the Dungeon.
             The game lasted 00:29:18 (9185 turns).

trckry the Chiller (Mummy Ice Elementalist)         Turns: 9185, Time: 00:29:19

Health: -1/60      AC: 10    Str: 12    XL:     8   Next: 75%
Magic:  10/15      EV: 14    Int: 16    God:    Ashenzari [......]
Gold:   416        SH:  0    Dex: 12    Spells: 6/17 levels left

rFire    x . .     SeeInvis +   a - +4 quarterstaff (chaos)
rCold    + . .     Faith    .   (shield currently unavailable)
rNeg     + + +     Spirit   .   w - +0 robe
rPois    ∞         Reflect  .   (no helmet)
rElec    .         Harm     .   (no cloak)
rCorr    .         Rampage  .   (no gloves)
Will     ++...                  r - +0 pair of boots
Stlth    ++........             (no amulet)
HPRegen  0.20/turn              t - ring of see invisible
MPRegen  0.14/turn              s - ring of willpower

@: icy armour
A: no potions, fire vulnerability, cold resistance 1, negative energy resistance
3, torment resistance, unbreathing
a: Renounce Religion, Curse Item


You were on level 7 of the Dungeon.
You worshipped Ashenzari.
Ashenzari was noncommittal.
You visited 2 branches of the dungeon, and saw 8 of its levels.
You also visited: Sewer.

You collected 416 gold pieces.

Inventory:

Hand Weapons
 a - a +4 quarterstaff of chaos (weapon)
 b - a +2 dagger of venom
Missiles
 j - 28 poisoned darts (quivered)
Armour
 r - a +0 pair of boots (worn)
 w - a +0 robe (worn)
 x - a +0 cloak
Jewellery
 s - a ring of willpower (right hand)
 t - a ring of see invisible (left hand)
Wands
 n - a wand of acid (9)
Scrolls
 c - 2 scrolls of fear {unknown}
 d - 2 scrolls of blinking {unknown}
 e - 6 scrolls of identify {unknown}
 f - 2 scrolls of random uselessness {unknown}
 h - a scroll of fog {unknown}
 i - 2 scrolls of enchant weapon {unknown}
 k - 3 scrolls of noise {unknown}
 l - a scroll of magic mapping {unknown}
 m - a scroll of immolation {unknown}
 o - 2 scrolls of teleportation {unknown}
 p - a scroll of enchant armour {unknown}
 q - 2 scrolls of amnesia {unknown}
 u - 4 scrolls of remove curse


   Skills:
 + Level 4.2 Fighting
 + Level 1.2 Staves
 + Level 4.6 Dodging
 - Level 1.5 Stealth
 - Level 5.0 Spellcasting
 + Level 1.9 Summonings
 * Level 7.1 Ice Magic


You had 6 spell levels left.
You knew the following spells:

 Your Spells              Type           Power        Failure   Level
a - Freeze                Ice            100%         1%          1
b - Frozen Ramparts       Ice            52%          2%          3
c - Ozocubu's Armour      Ice            26%          2%          3
d - Summon Ice Beast      Ice/Summ       18%          24%         4

Your spell library contained the following spells:

 Spells                   Type           Power        Failure   Level
 Sandblast                Erth           8%           16%         1
 Passwall                 Tmut/Erth      3%           22%         2
 Hailstorm                Conj/Ice       15%          34%         4
 Stone Arrow              Conj/Erth      8%           41%         3
 Petrify                  Tmut/Erth      4%           83%         4
 Lee's Rapid Deconstruct  Erth           2%           99%         5


Dungeon Overview and Level Annotations

Branches:
Dungeon (7/15)             Temple (1/1) D:6           Sewer (visited)

Altars:
Ashenzari
Cheibriados
Elyvilon
Fedhas
Gozag
Hepliaklqana
Kikubaaqudgha
Makhleb
Nemelex Xobeh
Okawaru
Qazlal
Ru
Sif Muna
Trog
Vehumet
Wu Jian
Xom
The Shining One

Annotations:
D:4 Grinder
D:7 Harold


Innate Abilities, Weirdness & Mutations

You do not drink.
Your flesh is vulnerable to fire.
You are immune to poison.
Your flesh is cold resistant. (rC+)
You are immune to negative energy. (rN+++)
You are immune to unholy pain and torment.
You can survive without breathing.


Message History

You are yanked forward by the harpoon shot.
Harold says, "This is so exciting!
What a great way to end my career!"
Harold throws a throwing net.
The throwing net hits you.
You become entangled in the net!
Items here: ( )) [ †.
You struggle against the net.
You tear a large gash into the net.
Harold hits you with a +0 flail!
Casting: Ozocubu's Armour (dangerous; 2% risk of failure)
Confirm with . or Enter, or press ? or * to list all spells.
Casting: Frozen Ramparts (dangerous; 2% risk of failure)
Press: ? - help, Dir - look around, f - activate
Okay, then.
You struggle against the net.
You struggle against the net.
Harold hits you with a +0 flail!!
* * * LOW HITPOINT WARNING * * *
Casting: Frozen Ramparts (dangerous; 2% risk of failure)
Confirm with . or Enter, or press ? or * to list all spells.
A film of ice covers your body! Harold hits you but does no damage.
You rip the net and break free!
Harold hits you with a +0 flail!
You die...

..#.....####.### .#
.......####....#...
.@.......##....#...
...................
...###.<.......#...
.......##..........
##.######).........
....##...@..##.
#.....@...####
######.†<##......
.........)).......
#####..####.......
#.... #......
#...... #.....
...#### ...## ...
.# # #


You could see Harold.

Vanquished Creatures
  An ogre (D:4)
  Blork the orc (D:6)
  6 big kobolds
  A bullfrog (D:6)
  3 scorpions
  A vampire bat (D:2)
  3 wights
  2 howler monkeys (D:4)
  A jelly (D:6)
  An orc wizard (D:4)
  3 orc priests (D:4)
  A centaur skeleton (D:7)
  3 iron imps (D:6)
  Crazy Yiuf (D:6)
  2 worker ants
  18 adders
  4 river rats (D:4)
  A shadow imp (D:5)
  2 oozes
  5 dart slugs
  5 leopard geckos
  11 orcs
  8 ball pythons
  11 bats
  2 bat skeletons (D:2)
  3 bat zombies (D:2)
  6 giant cockroaches
  13 goblins
  7 hobgoblins
  10 jackals
  2 quokkas
  6 frilled lizards
  24 kobolds
  7 rats
175 creatures vanquished.

Notes
Turn   | Place    | Note
-------+----------+-------------------------------------------
     0 | D:1      | trckry the Mummy Ice Elementalist began the quest for the
                  | Orb.
     0 | D:1      | Reached XP level 1. HP: 13/13 MP: 4/4
   284 | D:1      | Reached XP level 2. HP: 19/19 MP: 3/5
  1087 | D:1      | Reached XP level 3. HP: 24/24 MP: 4/7
  1091 | D:1      | Learned a level 3 spell: Frozen Ramparts
  1095 | D:1      | Learned a level 3 spell: Ozocubu's Armour
  1443 | D:2      | Reached skill level 4 in Ice Magic
  1478 | D:2      | Found a blossoming altar of Fedhas.
  1800 | D:2      | Reached XP level 4. HP: 30/30 MP: 0/8
  2319 | D:2      | Found an ancient bone altar of Kikubaaqudgha.
  2766 | D:3      | Reached XP level 5. HP: 27/35 MP: 2/9
  2779 | D:3      | Found a sparkling altar of Nemelex Xobeh.
  3368 | D:3      | Reached skill level 1 in Fighting
  3528 | D:3      | Reached skill level 5 in Ice Magic
  3820 | D:3      | Found a white marble altar of Elyvilon.
  3943 | D:3      | Reached XP level 6. HP: 34/43 MP: 11/11
  4459 | D:4      | Found a glowing drain.
  4533 | Sewer    | Entered a sewer
  4859 | Sewer    | Reached XP level 7. HP: 36/50 MP: 6/13
  5442 | D:4      | Reached skill level 6 in Ice Magic
  5574 | D:4      | Reached skill level 5 in Spellcasting
  5666 | D:4      | Noticed Grinder
  5707 | D:4      | Learned a level 4 spell: Summon Ice Beast
  5753 | D:4      | Found a broken altar of Ashenzari.
  5770 | D:4      | Reached XP level 8. HP: 58/58 MP: 8/15
  6295 | D:4      | Became a worshipper of Ashenzari the Shackled
  6332 | D:5      | Entered Level 5 of the Dungeon
  6620 | D:5      | Found a bloodstained altar of Trog.
  7414 | D:6      | Reached skill level 1 in Summonings
  7507 | D:6      | Found a burning altar of Makhleb.
  7576 | D:6      | Found a staircase to the Ecumenical Temple.
  7585 | Temple   | Entered the Ecumenical Temple
  7911 | D:6      | Found an opulent altar of Gozag.
  7997 | D:6      | Found a snail-covered altar of Cheibriados.
  8164 | D:6      | Found a runed translucent door.
  8165 | D:6      | Noticed Crazy Yiuf
  8173 | D:6      | Killed Crazy Yiuf
  8344 | D:6      | Noticed Blork the orc
  8347 | D:6      | Killed Blork the orc
  8370 | D:6      | Found a glowing golden altar of the Shining One.
  8796 | D:7      | Noticed Harold
  9101 | D:6      | Reached skill level 1 in Staves
  9101 | D:6      | Reached skill level 7 in Ice Magic
  9185 | D:7      | Slain by Harold

Illustrated notes

Levels and vault maps discovered:
D:1:      evilmike_arrival_plus, layout_loops_ring, minmay_stone_trees_small
D:2:      minmay_wonky_spiral, layout_rooms, kennysheep_vampire_church,
          lemuel_doored_altar, nrook_mini_vaults
D:3:      layout_loops_ring, nemelex_xobeh_ov_fountains_minmay,
          lemuel_round_altar, minmay_snake_closets
D:4:      layout_loops_ring, nicolae_overflow_crystal_walls,
          portal_sewer_entry_e, st_stairs_7, uniq_grinder
D:5:      layout_basic, kennysheep_mini
D:6:      layout_rooms, demons_altar, tso_oasis_becter, general_overflow_altar,
          temple_hall, basic_altar, hangedman_decor_opposing,
          uniq_crazy_yiuf_cottage, uniq_blork_the_orc
D:7:      layout_rooms, grunt_temple_overflow_open, lemuel_round_altar,
          chequers_garden, hex_tiny, uniq_harold
Temple:   compressed_dpeg_triangle_lava_temple

Skill      XL: |  1  2  3  4  5  6  7  8 |
---------------+-------------------------+-----
Spellcasting   | 3 4 5 |  5.0
Dodging        | 2 3 4 |  4.6
Ice Magic      | 4 5 6 7 |  7.1
Fighting       | 1 2 3 4 |  4.2
Summonings     | 1 |  1.9
Staves         | 1 |  1.2
Stealth        | |  1.5

Action                   |  1- 3 |  4- 6 |  7- 9 || total
-------------------------+-------+-------+-------++-------
Melee: Unarmed           |     2 |     1 |       ||     3
       Short sword       |       |   230 |    80 ||   310
       Quarterstaff      |       |       |    43 ||    43
       Rapier            |       |       |     8 ||     8
       Dagger            |       |       |     4 ||     4
 Cast: Freeze            |    72 |     7 |     3 ||    82
       Frozen Ramparts   |     3 |    19 |    37 ||    59
       Ozocubu's Armour  |     1 |     5 |    19 ||    25
 Stab: Sleeping          |       |     9 |     1 ||    10
Armor: Robe              |    14 |   144 |    37 ||   195
Dodge: Dodged            |    40 |   325 |   115 ||   480
